 Dungeon Crawl Stone Soup version 0.22-a0-348-gd16d139 (webtiles) character file.

64 Amnesiac the Magician (level 3, -5/26 HPs)
             Began as a Mummy Earth Elementalist on Apr 10, 2018.
             Slain by Sigmund
             ... wielding a +0 scythe
              (12 damage)
             ... on level 2 of the Dungeon.
             The game lasted 00:01:30 (1158 turns).

Amnesiac the Magician (Mummy Earth Elementalist)    Turns: 1158, Time: 00:01:30

Health: -5/26      AC:  2    Str: 11    XL:     3   Next: 91%
Magic:  1/7        EV: 12    Int: 15    God:
Gold:   38         SH:  0    Dex: 12    Spells: 7/8 levels left

rFire    x . .     SeeInvis .   (no weapon)
rCold    + . .     Gourm    .   (no shield)
rNeg     + + +     Faith    .   c - +0 robe
rPois    ∞         Spirit   .   (no helmet)
rElec    .         Reflect  .   (no cloak)
rCorr    .         Harm     .   (no gloves)
MR       .....                  (no boots)
Stlth    +.........             (no amulet)
HPRegen  0.08/turn              (no ring)
MPRegen  0.10/turn              (no ring)

@: confused
A: no food or potions, fire vulnerability, cold resistance 1, negative energy
resistance 3, torment resistance, unbreathing
a: no special abilities


You were on level 2 of the Dungeon.
You were not hungry.

You visited 1 branch of the dungeon, and saw 2 of its levels.

You collected 38 gold pieces.

Inventory:

Missiles
 b - 28 stones (quivered)
Armour
 c - a +0 robe (worn)
Scrolls
 a - 3 scrolls of immolation {!r, unknown}
 d - a scroll of teleportation {!r, unknown}
 e - 2 scrolls of identify {!r, unknown}
 f - a scroll of enchant armour {!r, unknown}


   Skills:
 + Level 1.6 Fighting
 * Level 2.2 Dodging
 - Level 1.5 Stealth
 + Level 3.1 Spellcasting
   Level 0.7 Transmutations
 * Level 3.1 Earth Magic


You had 7 spell levels left.
You knew the following spells:

 Your Spells              Type           Power        Failure   Level  Hunger
a - Sandblast             Erth           ##....       5%          1    N/A

Dungeon Overview and Level Annotations

Branches:
Dungeon (2/15)

Altars:

Annotations:
D:2 Sigmund


Innate Abilities, Weirdness & Mutations

You do not eat or drink.
Your flesh is vulnerable to fire.
You are immune to poison.
Your flesh is cold resistant. (rC+)
You are immune to negative energy. (rN+++)
You are immune to unholy pain and torment.
You can survive without breathing.


Message History

Confirm with . or Enter, or press ? or * to list all spells.
You don't have enough magic to cast that spell.
Casting: Sandblast (safe; 5% risk of failure)
Confirm with . or Enter, or press ? or * to list all spells.
You don't have enough magic to cast that spell.
Casting: Sandblast (safe; 5% risk of failure)
Confirm with . or Enter, or press ? or * to list all spells.
You don't have enough magic to cast that spell.
The hobgoblin closely misses you.
Things that are here:
a stone; a worm corpse
Casting: Sandblast (safe; 5% risk of failure)
Confirm with . or Enter, or press ? or * to list all spells.
You don't have enough magic to cast that spell.
There is a stone staircase leading up here.
Sigmund the Dreaded comes into view.
He is wielding a scythe.
You see here a stone.
The hobgoblin closely misses you.
You see here a dagger.
Found a stone staircase leading down.
The hobgoblin closely misses you.
Casting: Sandblast (safe; 5% risk of failure)
Confirm with . or Enter, or press ? or * to list all spells.
Aiming: Sandblast (safe; 5% risk of failure)
Press: ? - help, Shift-Dir - straight line, f/p - hobgoblin
Aim: a hobgoblin The blast of sand hits the hobgoblin.
The hobgoblin is heavily wounded.
b - 28 stones The hobgoblin closely misses you.
A shadow imp comes into view.
Casting: Sandblast (safe; 5% risk of failure)
Confirm with . or Enter, or press ? or * to list all spells.
You don't have enough magic to cast that spell.
Casting: Sandblast (safe; 5% risk of failure)
Confirm with . or Enter, or press ? or * to list all spells.
You don't have enough magic to cast that spell.
The hobgoblin closely misses you.
Sigmund shouts!
The shadow imp grins evilly.
You see here a goblin skeleton.
Sigmund points at you and mumbles some strange words.
The magic dart hits you!
You see here a club.
Sigmund points at you and mumbles some strange words.
The magic dart hits you!
Things that are here:
a stone; a worm corpse Sigmund hits you with a scythe!
* * * LOW HITPOINT WARNING * * *
There is a stone staircase leading up here.
You see here a dagger.
Sigmund points at you and mumbles some strange words.
You are confused.
You hit the hobgoblin but do no damage.
The hobgoblin is heavily wounded.
Sigmund barely misses you.
You bump into the rock wall.
Sigmund gestures at you while chanting.
You are more confused.
The hobgoblin hits you but does no damage.
You bump into the rock wall.
Sigmund hits you from afar with a scythe!
You die...

.##. ..# #. ... ..>#
#.. #.## ...# ....
##..###...#
...###.........#
#.............###
#...#...........###
#...........# ..#
..####....@g....#..#
........###..###..##
...##...÷.##@###...##
.....#.##g(..
.............†.$..$..
.........####......##
........ .....###


You could see Sigmund, a hobgoblin and a goblin.

Vanquished Creatures
  2 adders (D:2)
  An ooze (D:1)
  A worm (D:2)
  A dart slug (D:2)
  A leopard gecko (D:1)
  3 bats (D:1)
  3 goblins
  3 hobgoblins
  8 jackals (D:1)
  3 kobolds
  A quokka (D:2)
  A frilled lizard (D:1)
  4 rats
32 creatures vanquished.

Notes
Turn   | Place    | Note
-------+----------+-------------------------------------------
     0 | D:1      | Amnesiac the Mummy Earth Elementalist began the quest for the Orb.
     0 | D:1      | Reached XP level 1. HP: 13/13 MP: 4/4
   206 | D:1      | Reached skill level 1 in Fighting
   255 | D:1      | Reached XP level 2. HP: 21/21 MP: 2/5
   689 | D:1      | Reached XP level 3. HP: 26/26 MP: 5/7
  1140 | D:2      | Noticed Sigmund
  1158 | D:2      | Slain by Sigmund

Vault maps used:
D:1:      minmay_arrival_up_and_down, grunt_decor_arrowhead
D:2:      uniq_sigmund

Skill      XL: |  1  2  3 |
---------------+----------+-----
Fighting       | 1 |  1.6
Dodging        | 2 |  2.2
Spellcasting   | 3 |  3.1
Earth Magic    | 3 |  3.1
Stealth        | |  1.5
Transmutations | |  0.7

Action                   || total
-------------------------++-------
Melee: Unarmed           ||    18
 Cast: Sandblast         ||    51
Armor: Robe              ||     4
Dodge: Dodged            ||    35

Table legend:
 A = Spawn XP
 B = Non-spawn XP
 C = Spawn XP percentage of total XP
 D = Spawn monster count
 E = Non-spawn monster count
 F = Spawn count percentage of total count
 G = Total turns spent on level
                    A         B        C        D         E        F      G
               +---------+---------+-------+---------+---------+-------+---------
         Total |       0 |      92 |   0.0 |       0 |      32 |   0.0 |  1158
               +---------+---------+-------+---------+---------+-------+---------
           D:1 |       0 |      49 |   0.0 |       0 |      23 |   0.0 |  1074
           D:2 |       0 |      43 |   0.0 |       0 |       9 |   0.0 |    84
               +---------+---------+-------+---------+---------+-------+---------
